[ AOE2 MATCH · #482239489 ]
UnrankedCelts vs Huns
Player's team · LOSS
Rival team · WIN
[ REPLAY ANALYSIS · EXTRACTED FROM THE RECORDED GAME ]
Feudal
9:58
Castle
25:30
Imperial
41:02
| APM avg | 17.5 |
| APM peak | 61 |
| eAPM avg | 13.1 |
| Villagers / military | 69 / 353 |
Focus
⚔️ 48.1% · 🌾 51.9%
Spearman ×225 · Skirmisher ×74 · Archer ×21 · Battering Ram ×20 · Trebuchet (Packed) ×8 · Monk ×5
Feudal
—
Castle
—
Imperial
—
| APM avg | 32.5 |
| APM peak | 171 |
| eAPM avg | 31.1 |
| Villagers / military | 103 / 117 |
Focus
⚔️ 9.7% · 🌾 90.3%
Knight ×63 · Militia ×22 · Tarkan ×15 · Spearman ×6 · Trebuchet (Packed) ×6 · Monk ×3
Match map
Initial resources + every placement click. Lines = walls · curves = elevation contours. ◆ gold · ⬟ stone · ● berries · ✦ relic · ◌ wall gap
Your base· ✓ Closed at 25:30 · 0t walls · 2 gate(s)
x2Saucy4Socom_'s base· ✓ Closed at 16:09 · 0t walls · 3 gate(s)
Smoothed initial terrain · ◌ = detected wall gap · hover for details
Inputs per minute
— DrLegend - - x2Saucy4Socom_
Build order — DrLegend
First 150 of 465 actions detected
| 0:02 | Create | Villager (Male) |
| 0:03 | Create | Villager (Male) |
| 0:03 | Create | Villager (Male) |
| 0:05 | Build | House |
| 0:07 | Build | House |
| 0:58 | Create | Villager (Male) |
| 0:59 | Create | Villager (Male) |
| 1:44 | Create | Villager (Male) |
| 2:10 | Create | Villager (Male) |
| 2:39 | Create | Villager (Male) |
| 2:39 | Create | Villager (Male) |
| 3:18 | Build | Mill |
| 3:23 | Create | Villager (Male) |
| 3:24 | Create | Villager (Male) |
| 3:24 | Create | Villager (Male) |
| 3:52 | Build | House |
| 3:58 | Create | Villager (Male) |
| 3:58 | Create | Villager (Male) |
| 4:08 | Create | Villager (Male) |
| 4:28 | Create | Villager (Male) |
| 4:39 | Create | Villager (Male) |
| 4:39 | Create | Villager (Male) |
| 5:06 | Create | Villager (Male) |
| 5:06 | Create | Villager (Male) |
| 7:30 | Build | Lumber Camp |
| 7:48 | Research | Feudal Age |
| 7:48 | Research | Feudal Age |
| 7:57 | Build | House |
| 8:18 | Create | Villager (Male) |
| 8:36 | Build | Mill |
| 9:08 | Create | Villager (Male) |
| 9:08 | Create | Villager (Male) |
| 9:09 | Create | Villager (Male) |
| 9:58 | Age | Feudal Age |
| 10:04 | Research | Double-Bit Axe |
| 10:15 | Create | Villager (Male) |
| 10:20 | Research | Wheelbarrow |
| 10:39 | Build | Farm |
| 10:56 | Build | House |
| 10:57 | Build | House |
| 11:00 | Build | House |
| 11:01 | Build | House |
| 11:04 | Build | House |
| 11:05 | Build | House |
| 11:07 | Build | House |
| 11:08 | Build | House |
| 11:09 | Build | House |
| 11:12 | Build | House |
| 11:13 | Build | House |
| 11:13 | Build | House |
| 11:14 | Build | House |
| 11:16 | Build | House |
| 11:18 | Build | House |
| 11:20 | Build | House |
| 11:23 | Build | House |
| 11:26 | Build | House |
| 11:28 | Build | House |
| 11:29 | Build | House |
| 11:30 | Build | House |
| 11:31 | Build | House |
| 11:32 | Build | House |
| 11:33 | Build | House |
| 11:34 | Build | House |
| 11:56 | Create | Villager (Male) |
| 12:06 | Build | Mining Camp |
| 12:14 | Create | Villager (Male) |
| 12:15 | Create | Villager (Male) |
| 12:15 | Create | Villager (Male) |
| 12:15 | Create | Villager (Male) |
| 12:16 | Create | Villager (Male) |
| 12:58 | Create | Villager (Male) |
| 13:08 | Build | Farm |
| 13:09 | Build | Farm |
| 13:09 | Build | Farm |
| 13:10 | Build | Farm |
| 13:11 | Build | Farm |
| 13:14 | Build | Farm |
| 13:14 | Build | Farm |
| 13:14 | Build | Farm |
| 13:15 | Build | Farm |
| 13:15 | Build | Farm |
| 13:15 | Build | Farm |
| 13:16 | Build | Farm |
| 13:16 | Build | Farm |
| 13:16 | Build | Farm |
| 13:17 | Build | Farm |
| 13:17 | Build | Farm |
| 13:17 | Build | Farm |
| 13:18 | Build | Farm |
| 13:18 | Build | Farm |
| 13:18 | Build | Farm |
| 13:19 | Build | Farm |
| 13:19 | Build | Farm |
| 13:19 | Build | Farm |
| 13:20 | Build | Farm |
| 13:41 | Research | Horse Collar |
| 14:06 | Research | Gold Mining |
| 14:26 | Build | Mining Camp |
| 14:42 | Create | Villager (Male) |
| 14:43 | Create | Villager (Male) |
| 15:03 | Build | Farm |
| 15:27 | Build | Farm |
| 15:50 | Research | Stone Mining |
| 15:54 | Build | Farm |
| 16:23 | Build | Barracks |
| 16:38 | Create | Villager (Male) |
| 16:38 | Create | Villager (Male) |
| 16:38 | Create | Villager (Male) |
| 16:50 | Build | Farm |
| 16:53 | Build | Farm |
| 16:54 | Build | Farm |
| 16:57 | Build | Farm |
| 16:58 | Build | Farm |
| 17:01 | Build | Farm |
| 17:02 | Build | Farm |
| 17:03 | Build | Farm |
| 17:03 | Build | Farm |
| 17:03 | Build | Farm |
| 17:04 | Build | Farm |
| 17:04 | Build | Farm |
| 17:05 | Build | Farm |
| 17:05 | Build | Farm |
| 17:06 | Build | Farm |
| 17:06 | Build | Farm |
| 17:06 | Build | Farm |
| 17:06 | Build | Farm |
| 17:07 | Build | Farm |
| 17:07 | Build | Farm |
| 17:07 | Build | Farm |
| 17:08 | Build | Farm |
| 17:08 | Build | Farm |
| 17:08 | Build | Farm |
| 17:12 | Create | Villager (Male) |
| 17:12 | Create | Villager (Male) |
| 17:57 | Build | Archery Range |
| 18:26 | Create | Spearman |
| 18:55 | Build | Blacksmith |
| 19:05 | Build | Market |
| 19:30 | Create | Villager (Male) |
| 19:30 | Create | Villager (Male) |
| 19:31 | Create | Villager (Male) |
| 19:31 | Create | Villager (Male) |
| 20:06 | Create | Villager (Male) |
| 20:07 | Create | Villager (Male) |
| 20:08 | Create | Villager (Male) |
| 20:26 | Create | Villager (Male) |
| 20:26 | Create | Villager (Male) |
| 20:26 | Create | Villager (Male) |
| 20:42 | Build | Farm |
| 20:45 | Research | Castle Age |
Build order — x2Saucy4Socom_
First 150 of 429 actions detected
| 0:01 | Create | Villager (Male) |
| 0:01 | Create | Villager (Male) |
| 0:01 | Create | Villager (Male) |
| 0:02 | Create | Villager (Male) |
| 1:36 | Create | Villager (Male) |
| 1:37 | Create | Villager (Male) |
| 1:52 | Build | Mill |
| 1:55 | Create | Villager (Male) |
| 3:10 | Create | Villager (Male) |
| 3:24 | Create | Villager (Male) |
| 3:24 | Create | Villager (Male) |
| 3:48 | Create | Villager (Male) |
| 4:05 | Create | Villager (Male) |
| 4:05 | Create | Villager (Male) |
| 4:28 | Create | Villager (Male) |
| 4:45 | Create | Villager (Male) |
| 6:22 | Create | Villager (Male) ×5 |
| 7:11 | Build | Lumber Camp |
| 7:17 | Create | Villager (Male) |
| 8:17 | Build | Mill |
| 8:22 | Create | Villager (Male) |
| 8:22 | Create | Villager (Male) |
| 8:24 | Create | Villager (Male) |
| 10:21 | Create | Villager (Male) |
| 10:22 | Create | Villager (Male) |
| 10:24 | Research | Feudal Age |
| 11:08 | Build | Mining Camp |
| 12:41 | Build | Farm |
| 12:46 | Build | Farm |
| 12:54 | Build | Farm |
| 13:00 | Build | Farm |
| 13:05 | Build | Farm |
| 13:35 | Build | Market |
| 13:38 | Build | Blacksmith |
| 13:47 | Research | Double-Bit Axe |
| 13:52 | Research | Horse Collar |
| 14:09 | Research | Wheelbarrow |
| 14:36 | Create | Villager (Male) |
| 15:11 | Research | Gold Mining |
| 16:09 | Research | Castle Age |
| 16:56 | Build | Barracks |
| 18:16 | Build | Farm |
| 18:18 | Build | Farm |
| 18:20 | Build | Farm |
| 18:22 | Build | Farm |
| 18:24 | Build | Farm |
| 18:26 | Build | Farm |
| 19:03 | Build | Town Center |
| 19:14 | Build | Town Center |
| 19:37 | Research | Hand Cart |
| 20:18 | Create | Villager (Male) ×5 |
| 20:22 | Create | Villager (Male) ×5 |
| 20:41 | Build | Farm |
| 20:41 | Build | Farm |
| 20:41 | Build | Farm |
| 20:41 | Build | Farm |
| 20:41 | Build | Farm |
| 20:41 | Build | Farm |
| 20:41 | Build | Farm |
| 20:57 | Create | Villager (Male) ×4 |
| 21:47 | Create | Villager (Male) |
| 21:47 | Build | Farm |
| 21:47 | Create | Villager (Male) |
| 21:47 | Build | Farm |
| 21:50 | Create | Villager (Male) |
| 21:52 | Create | Villager (Male) |
| 22:16 | Build | Farm |
| 22:16 | Build | Farm |
| 22:28 | Create | Villager (Male) |
| 22:29 | Create | Villager (Male) |
| 22:31 | Create | Villager (Male) |
| 22:36 | Build | Monastery |
| 22:47 | Create | Villager (Male) |
| 22:49 | Create | Villager (Male) |
| 22:51 | Create | Villager (Male) |
| 22:54 | Create | Villager (Male) |
| 22:56 | Create | Villager (Male) |
| 22:59 | Create | Villager (Male) |
| 23:27 | Build | Farm |
| 23:27 | Build | Farm |
| 23:31 | Create | Monk |
| 23:35 | Create | Monk |
| 23:39 | Build | Farm |
| 23:44 | Create | Spearman |
| 23:44 | Create | Spearman |
| 23:45 | Research | Squires |
| 23:56 | Create | Villager (Male) |
| 23:58 | Create | Villager (Male) |
| 24:04 | Build | Farm |
| 24:07 | Create | Villager (Male) |
| 24:15 | Create | Villager (Male) |
| 24:29 | Build | Farm |
| 24:42 | Research | Heavy Plow |
| 24:51 | Create | Spearman |
| 24:56 | Create | Spearman |
| 24:56 | Create | Spearman |
| 24:57 | Create | Spearman |
| 25:07 | Build | Farm |
| 25:08 | Build | Farm |
| 25:31 | Create | Monk |
| 26:03 | Research | Pikeman (upgrade) |
| 26:12 | Create | Villager (Male) |
| 26:13 | Create | Villager (Male) |
| 26:14 | Create | Villager (Male) |
| 26:15 | Create | Villager (Male) |
| 26:18 | Create | Villager (Male) |
| 26:18 | Create | Villager (Male) |
| 26:18 | Create | Villager (Male) |
| 26:39 | Build | Farm |
| 27:02 | Research | Man-at-Arms (upgrade) |
| 27:04 | Create | Militia ×5 |
| 27:04 | Build | Farm |
| 27:52 | Build | Stable |
| 28:06 | Create | Villager (Male) |
| 28:08 | Create | Villager (Male) |
| 28:10 | Create | Villager (Male) |
| 28:13 | Create | Villager (Male) |
| 28:14 | Create | Villager (Male) |
| 28:16 | Create | Villager (Male) |
| 28:18 | Create | Villager (Male) |
| 28:20 | Create | Villager (Male) |
| 28:32 | Build | Mining Camp |
| 28:35 | Build | Farm |
| 29:00 | Build | Farm |
| 29:01 | Build | Barracks |
| 29:28 | Build | Farm |
| 29:28 | Build | Farm |
| 29:28 | Build | Farm |
| 29:28 | Build | Farm |
| 29:28 | Build | Farm |
| 29:28 | Build | Farm |
| 29:29 | Build | Farm |
| 29:29 | Build | Farm |
| 29:29 | Build | Farm |
| 29:35 | Build | Stable |
| 30:16 | Build | University |
| 30:44 | Build | Barracks |
| 30:48 | Research | Imperial Age |
| 30:50 | Create | Villager (Male) ×5 |
| 30:53 | Create | Villager (Male) ×5 |
| 30:59 | Research | Scale Mail Armor |
| 31:00 | Research | Forging |
| 31:02 | Research | Scale Barding Armor |
| 31:38 | Build | Mining Camp |
| 31:52 | Create | Villager (Male) ×5 |
| 31:54 | Create | Villager (Male) ×5 |
| 32:19 | Research | Gold Shaft Mining |
| 32:35 | Research | Stone Mining |
| 32:50 | Research | Town Watch |
| 32:51 | Research | Loom |
Match timeline
| 9:58 | DrLegend · age_up feudal |
| 16:23 | DrLegend · first_building Barracks |
| 16:56 | x2Saucy4Socom_ · first_building Barracks |
| 17:57 | DrLegend · first_building Archery Range |
| 18:38 | x2Saucy4Socom_ · first_market_buy 100 stone |
| 18:43 | x2Saucy4Socom_ · first_market_sell 100 wood |
| 22:36 | x2Saucy4Socom_ · first_building Monastery |
| 25:30 | DrLegend · age_up castle |
| 25:35 | DrLegend · first_building Monastery |
| 25:56 | DrLegend · first_building Castle |
| 27:52 | x2Saucy4Socom_ · first_building Stable |
| 29:00 | DrLegend · first_building Siege Workshop |
| 34:38 | x2Saucy4Socom_ · first_building Castle |
| 39:43 | x2Saucy4Socom_ · wall_segment Stone Wall x7 |
| 40:20 | x2Saucy4Socom_ · wall_segment Stone Wall x4 |
| 40:35 | x2Saucy4Socom_ · wall_segment Stone Wall x5 |
| 41:02 | DrLegend · age_up imperial |
| 52:52 | DrLegend · first_market_buy 100 food |
| 53:07 | DrLegend · first_market_sell 100 wood |
| 53:17 | x2Saucy4Socom_ · first_building Siege Workshop |
| 55:23 | DrLegend · resign |
[ AI ANALYSIS · 1 CREDIT ]
What really happened in this match?
Wolo.gg analyzes every decision: build order, eco, micro, common mistakes by bracket. Personalized analysis on WhatsApp or Discord in 30 seconds.
Civ guide
Celts
Perfil
Jugador #23960749